 Dungeon Crawl Stone Soup version 0.19-a0-994-g3c636f0 (webtiles) character file.

19777 4thArraOfDagon the Zephyrmancer (level 12, -4/72 HPs)
             Began as a Demigod Summoner on July 17, 2016.
             Slain by a guardian serpent (21 damage)
             ... on level 10 of the Dungeon.
             The game lasted 00:57:27 (7440 turns).

4thArraOfDagon the Zephyrmancer (Demigod Summoner)  Turns: 7440, Time: 00:57:27

Health: -4/72      AC: 12    Str:  9    XL:     12   Next: 11%
Magic:  19/29      EV: 12    Int: 33    God:
Gold:   24         SH:  0    Dex: 20    Spells: 6 memorised, 3 levels left

rFire  + + .     SeeInvis .     e - staff of energy {!a}
rCold  . . .     Gourm    .     g - +2 robe {Archmagi}
rNeg   + . .     Faith    .     (no shield)
rPois  +         Spirit   .     E - +2 helmet {Int+3}
rElec  .         Dismiss  .     D - +1 ratskin cloak {rPois rN+ Int-1 Dex-1}
rCorr  .         Reflect  .     f - +0 pair of gloves
SustAt +         Harm     .     A - +0 pair of boots "Kebruiri" {rF+ rC- Int+2 Dex+5}
MR     +....                    (no amulet)
Stlth  ++........               S - ring of wizardry
                                s - ring of ice

@: somewhat resistant to hostile enchantments, unstealthy
A: clever 1, fire resistance 2, frail 1, high mp 1, slow regeneration 1, weak 1,
sustain attributes
a: no special abilities


You were on level 10 of the Dungeon.
You were hungry.

You visited 2 branches of the dungeon, and saw 15 of its levels.

You collected 1144 gold pieces.
You spent 1120 gold pieces at shops.

Inventory:

Hand Weapons
 d - a +0 spear
 h - a +3 dagger of protection
 r - a +2 great sword of freezing
 Q - a +1 battleaxe of flaming
Armour
 f - a +0 pair of gloves (worn)
 g - a +2 robe of the Archmagi (worn)
 A - the +0 pair of boots "Kebruiri" (worn) {rF+ rC- Int+2 Dex+5}
   (You found it on level 5 of the Dungeon)

   It affects your intelligence (+2).
   It affects your dexterity (+5).
   It protects you from fire.
   It makes you vulnerable to cold.
 D - the +1 ratskin cloak (worn) {rPois rN+ Int-1 Dex-1}
   (You bought it in a shop on level 6 of the Dungeon)

   It affects your intelligence (-1).
   It affects your dexterity (-1).
   It protects you from poison.
   It protects you from negative energy.
 E - a +2 helmet of intelligence (worn)
 H - the +1 plate armour of Mental Paralysis {rPois Regen+ SInv}
   (You found it on level 8 of the Dungeon)

   It protects you from poison.
   It lets you see invisible.
   It increases your rate of regeneration.
 J - a troll hide
Magical Staves
 e - an uncursed staff of energy (weapon) {!a}
 q - an uncursed staff of cold
Jewellery
 s - a ring of ice (left hand)
 R - an uncursed ring of stealth
 S - a ring of wizardry (right hand)
Wands
 z - a wand of polymorph (20/24)
 B - a wand of digging (19/24)
 I - a wand of paralysis (10/24)
Scrolls
 i - 2 scrolls of enchant weapon
 j - 3 scrolls of remove curse
 o - a scroll of teleportation {unknown}
 p - a scroll of enchant armour {unknown}
 t - a scroll of magic mapping
 x - a scroll of fear {unknown}
 y - a scroll of recharging
 C - 2 scrolls of random uselessness
 M - a scroll of vulnerability {unknown}
Potions
 l - 4 potions of brilliance
 m - 5 potions of might
 u - 2 potions of flight
 v - a potion of cancellation {unknown}
 w - a potion of agility
 K - a potion of berserk rage {unknown}
 N - a potion of cure mutation {unknown}
 O - 2 potions of lignification {unknown}
 P - 2 potions of curing {unknown}
Books
 b - a book of Callings

   Spells                             Type                      Level
   a - Summon Small Mammal            Summoning                    1
   b - Call Imp                       Summoning                    2
   c - Call Canine Familiar           Summoning                    3
   d - Summon Guardian Golem          Hexes/Summoning              3
   e - Summon Lightning Spire         Summoning/Air                4
   f - Summon Ice Beast               Ice/Summoning                4
 F - a book of the Tempests

   Spells                             Type                      Level
   a - Static Discharge               Conjuration/Air              3
   b - Lightning Bolt                 Conjuration/Air              5
   c - Fireball                       Conjuration/Fire             5
   d - Tornado                        Air                          9
   e - Shatter                        Earth                        9
 L - an Akashic Record

   Spells                             Type                      Level
   a - Dispersal                      Translocation                6
   b - Malign Gateway                 Summoning/Translocation      7
   c - Disjunction                    Translocation                8
   d - Controlled Blink               Translocation                8
Miscellaneous
 G - a phantom mirror
Comestibles
 c - 5 bread rations
 k - 2 meat rations


   Skills:
 - Level 4.7 Armour
 - Level 1.7 Dodging
 - Level 1.7 Stealth
 + Level 9.2 Spellcasting
 - Level 9.1 Summonings
 * Level 11.1 Air Magic
 - Level 7.2 Evocations


You had 3 spell levels left.
You knew the following spells:

 Your Spells              Type           Power        Failure   Level  Hunger
a - Summon Small Mammal   Summ           ####         1%          1    None
b - Call Canine Familiar  Summ           #######.     1%          3    None
c - Summon Lightning Spi  Summ/Air       #######.     1%          4    None
d - Summon Ice Beast      Ice/Summ       #######.     2%          4    None
e - Tornado               Air            #######...   100%        9    None
f - Lightning Bolt        Conj/Air       ######....   4%          5    None


Dungeon Overview and Level Annotations

Branches:
Dungeon (13/15)            Temple (0/1) D:7            Lair (0/6) D:8
    Orc (2/2) D:12
    Elf: Orc:2       Vaults: D:13-14

Shops:
D:6 [   D:7 !   Orc:2 *(}}

Portals:
Trove: D:12 (give +7 demon blade)

Annotations:
D:11 Nergalle
Orc:2 Saint Roka


Innate Abilities, Weirdness & Mutations

You have an increased reservoir of magic. (+10% MP)
Your attributes are resistant to harm.
Your mind is acute. (Int +2)
Your flesh is very heat resistant. (rF++)
You are frail. (-10% HP)
You regenerate slowly when monsters are visible.
You are weak. (Str -2)


Message History

The centaur skeleton hits you.
Your ice beast hits the guardian serpent but does no damage.
Unknown command.
Unknown command.
What are your orders? t - Shout!
Orders for allies: a - Attack new target. r - Retreat! s - Stop attacking. g - Guard the area. f - Follow me.
Anything else - Cancel.
Gang up on whom?
Press: ? - help, Dir - move target cursor, f - centaur skeleton
Aim: a centaur skeleton Attack!
The guardian serpent hits you!
Your warg bites the centaur skeleton.
The troll bites you. The troll closely misses you. The troll claws you!
* * * LOW HITPOINT WARNING * * *
The centaur skeleton hits you.
* * * LOW HITPOINT WARNING * * *
The guardian serpent hits you!!
You die...

#......# #......#
######......#
#...........#####
#.####......##..
#......##.#
#......##.#
#......h..#####..
#######.Z@#%)%#..
#.TS#?[!#$.
#.YY##'##..
###........
####..... ....
... .. .


You could see a guardian serpent, a troll, a centaur skeleton, a friendly warg
and 2 friendly ice beasts.

Vanquished Creatures
  Psyche (D:8)
  2 yaks (D:8)
  A hippogriff (D:8)
  2 ogres
  2 big kobolds (D:7)
  A giant frog (D:7)
  A scorpion (D:8)
  A killer bee (D:9)
  An electric eel (D:8)
  2 howler monkeys
  A wight (D:12)
  2 crimson imps
  An orc priest (Orc:2)
  A giant frog zombie (D:6)
  6 hounds
  A gnoll shaman (D:8)
  A giant frog skeleton (D:9)
  2 orc wizards
  A worker ant (D:8)
  A hound zombie (D:7)
  A worker ant zombie (D:8)
  A gnoll (D:7)
  6 adders
  A shadow imp (D:7)
  An ooze (D:5)
  2 dart slugs
  3 giant geckos
  7 orcs
  5 giant cockroaches
  6 goblins
  2 hobgoblins
  4 jackals
  7 kobolds
  3 quokkas
  A giant cockroach zombie (D:5)
  A giant gecko skeleton (D:4)
  2 giant newts
  A quokka zombie (D:8)
  4 rats
89 creatures vanquished.

Vanquished Creatures (collateral kills)
  An orc warlord (Orc:2)
  A stone giant (Orc:2)
  Josephine (Orc:1)
  Fannar (Orc:1)
  A hydra (D:8)
  Harold (Orc:1)
  A centaur warrior (D:8)
  A death yak (D:8)
  4 orc high priests (Orc:2)
  9 orc knights
  A hill giant (D:11)
  Pikel (D:7)
  An ugly thing (D:11)
  2 orc sorcerers
  A manticore (D:12)
  A griffon (D:8)
  3 cyclopes
  A gargoyle (D:12)
  A centaur zombie (D:12)
  6 trolls
  11 two-headed ogres
  A shadow (D:11)
  5 wraiths (Orc:1)
  2 wyverns (D:11)
  13 yaks
  2 hippogriffs
  A hungry ghost (D:11)
  The ghost of 4thArraOfDagon the Charlatan, an amateur FoFi (D:8)
  A naga (shapeshifter) (D:13)
  3 wargs
  43 orc warriors
  2 wasps (D:11)
  4 slaves (D:7)
  2 ice beasts
  4 sky beasts
  A black bear (D:9)
  An eye of draining (D:12)
  18 ogres
  2 phantoms
  The ghost of 4thArraOfDagon the Poker, an amateur MfGl (D:6)
  7 centaurs
  A big kobold (D:9)
  2 giant frogs (D:9)
  A wyvern skeleton (D:12)
  A scorpion (D:11)
  4 killer bees (D:9)
  13 wights
  3 howler monkeys (D:8)
  3 crimson imps
  A giant frog zombie (D:5)
  3 gnoll shamans (D:7)
  A hound (D:5)
  A jelly (D:5)
  26 orc priests
  3 centaur skeletons
  2 giant frog skeletons
  An iguana (D:7)
  21 orc wizards
  A worker ant (D:6)
  A killer bee zombie (D:6)
  4 sheep (D:12)
  12 gnolls
  5 adders
  A shadow imp (D:5)
  3 adder skeletons
  A worm (D:2)
  A dart slug (D:2)
  2 giant geckos
  71 orcs
  2 giant cockroaches
  6 jackals
  4 kobolds (D:9)
  3 quokkas
  A ball python (D:5)
  2 giant newts (D:5)
  A spectral orc (D:4)
372 creatures vanquished.

Vanquished Creatures (others)
  6 fungi (D:7)
  6 plants (D:7)
12 creatures vanquished.

Grand Total: 473 creatures vanquished

Notes
Turn   | Place    | Note
-------+----------+-------------------------------------------
     0 | D:1      | 4thArraOfDagon the Demigod Summoner began the quest for the Orb.
     0 | D:1      | Reached XP level 1. HP: 14/14 MP: 5/5
   135 | D:1      | Reached XP level 2. HP: 15/20 MP: 5/7
   369 | D:2      | Reached XP level 3. HP: 22/26 MP: 7/9
   374 | D:2      | Learned a level 3 spell: Call Canine Familiar
   707 | D:4      | Found a basalt altar of Yredelemnul.
   842 | D:4      | Noticed a hippogriff
   859 | D:4      | Killed a hippogriff
   859 | D:4      | Reached skill level 5 in Summonings
   859 | D:4      | Reached XP level 4. HP: 29/33 MP: 4/11
   871 | D:4      | Learned a level 4 spell: Summon Lightning Spire
   901 | D:5      | Entered Level 5 of the Dungeon
   915 | D:5      | Reached XP level 5. HP: 38/38 MP: 3/12
  1071 | D:5      | Got a pair of bloodstained boots
  1087 | D:5      | Identified the +0 pair of boots "Kebruiri" {rF+ rC- Int+2 Dex+5} (You found it on level 5 of the Dungeon)
  1218 | D:6      | Found Foefec's Antique Armour Emporium.
  1218 | D:6      | Noticed an ogre
  1228 | D:6      | Killed an ogre
  1228 | D:6      | Reached XP level 6. HP: 34/45 MP: 7/14
  1234 | D:6      | Learned a level 4 spell: Summon Ice Beast
  1247 | D:6      | Bought a glowing helmet for 108 gold pieces
  1359 | D:6      | Noticed 4thArraOfDagon's ghost (amateur MfGl)
  1447 | D:6      | Killed 4thArraOfDagon's ghost
  1470 | D:7      | Found a glowing golden altar of the Shining One.
  1641 | D:7      | Reached XP level 7. HP: 45/50 MP: 10/16
  1645 | D:7      | Noticed Pikel
  1677 | D:8      | Noticed Psyche
  1677 | D:8      | Noticed a hippogriff
  1699 | D:8      | Noticed a cyclops
  1699 | D:8      | Killed Psyche
  1699 | D:8      | Killed a hippogriff
  1716 | D:8      | Reached skill level 5 in Spellcasting
  1724 | D:8      | Noticed a two-headed ogre
  1728 | D:8      | Killed a cyclops
  1728 | D:8      | Reached XP level 8. HP: 40/57 MP: 19/19
  1731 | D:8      | Killed a two-headed ogre
  1849 | D:7      | Found Ycihy's Distillery.
  1857 | D:7      | Bought 2 potions of brilliance for 120 gold pieces
  1985 | D:7      | Reached skill level 1 in Air Magic
  2068 | D:7      | Reached skill level 2 in Air Magic
  2113 | D:7      | Killed Pikel
  2113 | D:7      | Reached skill level 3 in Air Magic
  2166 | D:7      | Reached XP level 9. HP: 26/62 MP: 18/22
  2167 | D:7      | Reached skill level 4 in Air Magic
  2449 | D:7      | Found a staircase to the Ecumenical Temple.
  2625 | D:8      | Found a staircase to the Lair.
  2626 | D:8      | Noticed a death yak
  2637 | D:8      | Killed a death yak
  2637 | D:8      | Reached skill level 5 in Air Magic
  2645 | D:8      | Reached skill level 6 in Air Magic
  2663 | D:8      | Noticed 4thArraOfDagon's ghost (amateur FoFi)
  2675 | D:8      | Killed 4thArraOfDagon's ghost
  2728 | D:8      | Noticed a four-headed hydra
  2749 | D:8      | Killed a four-headed hydra
  2749 | D:8      | Reached skill level 7 in Air Magic
  2761 | D:8      | Noticed a griffon
  2779 | D:8      | Killed a griffon
  2789 | D:8      | Noticed a centaur warrior
  2800 | D:8      | Killed a centaur warrior
  2800 | D:8      | Reached XP level 10. HP: 39/69 MP: 5/25
  2812 | D:8      | Gained mutation: You expend magic power (3 MP) to strengthen your wands. [mutagenic meat]
  2815 | D:8      | Gained mutation: Your mind is acute. (Int +2) [mutagenic meat]
  2818 | D:8      | Gained mutation: You are frail. (-10% HP) [mutagenic meat]
  2855 | D:8      | Got a faintly humming plate armour
  2949 | D:8      | Identified the +1 plate armour of Mental Paralysis {rPois Regen+ SInv} (You found it on level 8 of the Dungeon)
  2949 | D:8      | Sixotanaka: who needs gods, or lairs
  2953 | D:8      | Sixotanaka: you have dog
  3032 | D:8      | Reached skill level 1 in Evocations
  3068 | D:8      | Reached skill level 1 in Armour
  3068 | D:8      | Reached skill level 8 in Air Magic
  3183 | D:9      | Found a stormy altar of Qazlal.
  3529 | D:9      | Found a sacrificial altar of Ru.
  3529 | D:9      | Found a blossoming altar of Fedhas.
  3651 | D:10     | Entered Level 10 of the Dungeon
  3794 | D:11     | Noticed Nergalle
  3835 | D:11     | Learned a level 9 spell: Tornado
  3864 | D:11     | Noticed a hill giant
  3870 | D:11     | Killed a hill giant
  3896 | D:11     | Gained mutation: You are weak. (Str -2) [mutagenic meat]
  3899 | D:11     | Gained mutation: Your flesh is heat resistant. (rF+) [mutagenic meat]
  3902 | D:11     | Gained mutation: Your flesh is very heat resistant. (rF++) [mutagenic meat]
  4029 | D:11     | Paralysed by a wasp for 3 turns
  4119 | D:11     | Noticed a cyan ugly thing
  4135 | D:11     | Killed a cyan ugly thing
  4142 | D:11     | Gained mutation: You regenerate slowly when monsters are visible. [mutagenic meat]
  4271 | D:12     | Noticed a manticore
  4291 | D:12     | Killed a manticore
  4302 | D:12     | Noticed a cyclops
  4312 | D:12     | Killed a cyclops
  4319 | D:12     | Reached skill level 9 in Air Magic
  4463 | D:13     | Lost mutation: You expend magic power (3 MP) to strengthen your wands. [mutagenic meat]
  4473 | D:13     | Noticed a manticore
  4528 | D:12     | Found a portal to a secret trove of treasure.
  4586 | D:12     | HP: 2/62 [gargoyle/stone arrow (14)]
  4660 | D:12     | Reached XP level 11. HP: 40/66 MP: 23/27
  4689 | D:12     | Found a staircase to the Orcish Mines.
  4698 | Orc:1    | Entered Level 1 of the Orcish Mines
  4698 | Orc:1    | Noticed an orc knight
  4701 | Orc:1    | Noticed Fannar
  4714 | Orc:1    | Killed an orc knight
  4725 | Orc:1    | Killed Fannar
  5006 | Orc:1    | Reached skill level 5 in Evocations
  5092 | Orc:1    | Noticed Harold
  5117 | Orc:1    | Killed Harold
  5222 | Orc:1    | Learned a level 5 spell: Lightning Bolt
  5300 | Orc:1    | Noticed Josephine
  5317 | Orc:1    | Killed Josephine
  5342 | Orc:2    | Entered Level 2 of the Orcish Mines
  5686 | Orc:2    | Found a roughly hewn altar of Beogh.
  5686 | Orc:2    | Noticed a stone giant
  5744 | Orc:2    | Killed a stone giant
  5772 | Orc:2    | Noticed an orc knight
  5777 | Orc:2    | Reached skill level 10 in Air Magic
  5782 | Orc:2    | Found Suunig's General Store.
  5791 | Orc:2    | Killed an orc knight
  5802 | Orc:2    | Found Afour's Antique Weapon Shoppe.
  5802 | Orc:2    | Noticed an orc knight
  5804 | Orc:2    | Noticed an orc knight
  5826 | Orc:2    | Killed an orc knight
  5831 | Orc:2    | Killed an orc knight
  5901 | Orc:2    | Noticed an orc knight
  5901 | Orc:2    | Noticed an orc knight
  5915 | Orc:2    | Killed an orc knight
  5925 | Orc:2    | Killed an orc knight
  5948 | Orc:2    | Noticed an orc knight
  5956 | Orc:2    | Killed an orc knight
  6067 | Orc:2    | Noticed an orc knight
  6088 | Orc:2    | Killed an orc knight
  6105 | Orc:2    | Noticed Saint Roka
  6196 | Orc:2    | Noticed an orc knight
  6205 | Orc:2    | Killed an orc knight
  6467 | Orc:2    | Noticed an orc warlord
  6491 | Orc:2    | Killed an orc warlord
  6599 | Orc:2    | Noticed an orc high priest
  6606 | Orc:2    | Killed an orc high priest
  6606 | Orc:2    | Reached XP level 12. HP: 47/72 MP: 25/29
  6622 | Orc:2    | Found a roughly hewn altar of Beogh.
  6774 | Orc:2    | Reached skill level 11 in Air Magic
  6796 | Orc:2    | Found Ateematz's Gadget Boutique.
  6842 | Orc:2    | Found Nuerusemo's Gadget Shoppe.
  7225 | D:6      | Bought the +1 ratskin cloak {rPois rN+ Int-1 Dex-1} for 496 gold pieces
  7225 | D:6      | Bought a faintly humming leather armour for 168 gold pieces
  7225 | D:6      | Bought a pair of jewelled boots for 228 gold pieces
  7235 | D:6      | Identified the cursed +0 leather armour "Sigech" {Int-2 Dex+3 Stlth+} (You bought it in a shop on level 6 of the Dungeon)
  7256 | D:6      | Identified the -3 pair of boots of the Hippo {SInv} (You bought it in a shop on level 6 of the Dungeon)
  7361 | D:7      | You fall through a shaft!
  7440 | D:10     | Slain by a guardian serpent

Vault maps used:
D:1:      dpeg_arrival_round_c
D:2:      zin_statuary
D:3:      minmay_shallow_snake_nest, uniq_sigmund
D:4:      yredelemnul_forgotten_temple_becter, first_bread
D:5:      marbit_many_paths, serial_glass, glass_columns_b, glass_columns_a,
          kennysheep_generic_room_16
D:6:      serial_shops, shop
D:7:      kennysheep_seaside_town, tso_oasis_becter, serial_shops, shop_statue,
          uniq_pikel
D:8:      argonaut_augean_stables, lair_0_dummy, the_bakery,
          minmay_pinched_square, uniq_psyche
D:9:      nicolae_qazlal_style_of_elements, nicolae_overflow_hidden_temple,
          gammafunk_temple_overflow_pools
D:10:     minmay_crystal_water, nrook_guardian_serpent_double
D:11:     minivault_25, uniq_nergalle
D:12:     orc_0_dummy, nicolae_trove_entry_crossroad
D:13:     portal_ice_cave_entry_ice_beasts
Orc:1:    nicolae_orc_flooded_monolith, uniq_harold, uniq_josephine, uniq_fannar
Orc:2:    pubby_orc_utopia, uniq_saint_roka

Skill      XL: |  1  2  3  4  5  6  7  8  9 10 11 12 |
---------------+-------------------------------------+-----
Spellcasting   | 2 3 4 5 6 7 8 9 |  9.2
Summonings     | 4 5 6 8 9 |  9.1
Air Magic      | 3 7 9 10 11 | 11.1
Evocations     | 4 7 |  7.2
Armour         | 3 4 |  4.7
Dodging        | |  1.7
Stealth        | |  1.7

Action                   |  1- 3 |  4- 6 |  7- 9 | 10-12 || total
-------------------------+-------+-------+-------+-------++-------
Melee: Spear             |    34 |       |       |       ||    34
       Dagger            |    95 |    80 |    30 |       ||   205
       Great sword       |       |       |    86 |   141 ||   227
       Staff             |       |       |       |    13 ||    13
Throw: Throwing net      |       |     1 |     2 |       ||     3
 Cast: Summon Small Mamm |    15 |     6 |       |     2 ||    23
       Call Canine Famil |     6 |     9 |    15 |    58 ||    88
       Summon Lightning  |       |     4 |    11 |    58 ||    73
       Summon Ice Beast  |       |     4 |     5 |   106 ||   115
Evoke: Staff of energy   |       |       |       |   160 ||   160
  Use: Scroll            |       |       |    10 |     5 ||    15
       Potion            |       |       |     5 |     3 ||     8
 Stab: Sleeping          |     5 |     3 |       |       ||     8
       Distracted        |     1 |     4 |     2 |     1 ||     8
       Held in net/web   |       |     1 |       |       ||     1
  Eat: Chunk             |     1 |     4 |     4 |    28 ||    37
       Beef jerky        |       |       |     1 |     1 ||     2
       Pizza             |       |       |       |     1 ||     1
Armor: Robe              |    32 |    27 |    63 |    39 ||   161
       Troll hide        |       |       |       |    36 ||    36
Dodge: Dodged            |    64 |    42 |   116 |   152 ||   374
